 Dungeon Crawl Stone Soup version 0.18.1-48-g4cf74bf (webtiles) character file.

155 HarryHood the Skirmisher (level 5, 0/48 HPs)
             Began as a Minotaur Fighter on May 8, 2016.
             Slain by a gnoll
             ... wielding a +0 club
              (1 damage)
             ... on level 3 of the Dungeon on Sept 10, 2016.
             The game lasted 00:11:28 (1908 turns).

HarryHood the Skirmisher (Minotaur Fighter)         Turns: 1908, Time: 00:11:29

Health: 0/48       AC:  6    Str: 21    XL:     5   Next: 14%
Magic:  4/4        EV: 10    Int:  5    God:
Gold:   174        SH:  7    Dex: 10    Spells: 0 memorised, 4 levels left

rFire  + . .     SeeInvis .     a - +1 flail
rCold  . . .     Gourm    .     b - +0 scale mail
rNeg   + . .     Faith    .     j - +3 buckler {rF+}
rPois  .         Spirit   .     (helmet restricted)
rElec  .         Dismiss  .     (no cloak)
rCorr  .         Reflect  .     (no gloves)
SustAt .         Harm     .     (no boots)
MR     .....                    (no amulet)
Stlth  ..........               (no ring)
                                e - ring of positive energy

@: not resistant to hostile enchantments, extremely unstealthy
A: retaliatory headbutt, horns 2
a: no special abilities


You were on level 3 of the Dungeon.
You were not hungry.

You visited 1 branch of the dungeon, and saw 3 of its levels.

You collected 174 gold pieces.

Inventory:

Hand Weapons
 a - a +1 flail (weapon)
Armour
 b - a +0 scale mail (worn)
 j - a +3 buckler of fire resistance (worn)
Jewellery
 e - a ring of positive energy (left hand)
Scrolls
 g - a scroll of teleportation {unknown}
 h - 3 scrolls of remove curse
 i - a scroll of magic mapping {unknown}
 n - 2 scrolls of amnesia
 o - a scroll of recharging
 p - a scroll of identify
Potions
 d - 2 potions of might
 k - a potion of magic
 q - a potion of flight {unknown}
Comestibles
 c - 2 chunks of flesh
 f - 5 bread rations
 l - a meat ration
 m - a beef jerky


   Skills:
 + Level 5.4 Fighting
 * Level 4.6 Maces & Flails
 - Level 3.6 Armour
 - Level 1.0 Dodging
 - Level 0.3 Stealth
 - Level 3.6 Shields


You had 4 spell levels left.
You didn't know any spells.

Dungeon Overview and Level Annotations

Branches:
Dungeon (3/15)

Altars:
Elyvilon


Innate Abilities, Weirdness & Mutations

You reflexively headbutt those who attack you in melee.
You have a pair of horns on your head.


Message History

The gnoll is moderately wounded.
The gnoll barely misses you. The gnoll hits you but does no damage.
The gnoll hits you from afar with a spear.
* * * LOW HITPOINT WARNING * * *
The gnoll misses you.
You completely miss the gnoll. Your headbutt misses the gnoll.
The gnoll is moderately wounded.
The gnoll barely misses you. You block the gnoll's attack.
The gnoll hits you from afar with a spear.
* * * LOW HITPOINT WARNING * * *
The gnoll hits you with a whip.
* * * LOW HITPOINT WARNING * * *
The goblin wields a hunting sling.
The goblin shoots a stone.
The stone misses you.
You hit the gnoll.
The gnoll is severely wounded.
You block the gnoll's attack. x2; The gnoll closely misses you.
You furiously retaliate!
You headbutt the gnoll! The gnoll hits you with a club.
You die...

♣♣.♣.♣.♣♣
#.......###......._...
♣♣♣♣...♣♣##.......#
##...⌠.....⌠
♣♣♣..♣#........####....).....
♣♣.♣#.#####+#.....#.#.#.#.#
♣....# #................
♣♣♣### ###.......########
######.........#
#.....g#.......#####
#.....@#..#........# ♣♣♣
#...ggg#.g#.######.# ♣ ♣.♣
#.....g##.#.#<...# ♣ ♣.♣♣♣
######.##.#......# ♣♣♣...♣♣
#.....##.######## .♣.....♣
#............... ...♣...♣
#.....##.####### ♣.♣♣♣♣.♣
#.....##.# ♣♣♣ ♣.♣
#........###


You could see 4 gnolls and a goblin.

Vanquished Creatures
  A crimson imp (D:3)
  5 adders
  3 worms
  A dart slug (D:1)
  A giant gecko (D:2)
  2 orcs (D:3)
  2 giant cockroaches (D:1)
  6 goblins
  4 hobgoblins
  8 jackals
  6 kobolds
  6 bats
  3 giant newts (D:3)
  18 rats
66 creatures vanquished.

Notes
Turn   | Place    | Note
--------------------------------------------------------------
     0 | D:1      | HarryHood the Minotaur Fighter began the quest for the Orb.
     0 | D:1      | Reached XP level 1. HP: 19/19 MP: 0/0
   121 | D:1      | Reached skill level 4 in Fighting
   128 | D:1      | Reached XP level 2. HP: 17/27 MP: 1/1
   605 | D:1      | Reached XP level 3. HP: 34/34 MP: 2/2
  1181 | D:2      | Reached skill level 1 in Dodging
  1181 | D:2      | Reached XP level 4. HP: 41/41 MP: 3/3
  1281 | D:2      | Upgraded the game from 0.18.1-2-ga659475 to 0.18.1-48-g4cf74bf
  1316 | D:3      | Reached skill level 5 in Fighting
  1608 | D:3      | Reached XP level 5. HP: 47/48 MP: 4/4
  1643 | D:3      | Found a white marble altar of Elyvilon.
  1907 | D:3      | HP: 1/48 [gnoll/whip (3)]
  1908 | D:3      | Slain by a gnoll

Skill      XL: |  1  2  3  4 |
---------------+-------------+-----
Fighting       | 4 5 |  5.4
Maces & Flails | 3 4 |  4.6
Dodging        | 1 |  1.0
Armour         | |  3.6
Stealth        | |  0.3
Shields        | |  3.6

Action                   |  1- 3 |  4- 6 || total
-------------------------+-------+-------++-------
Melee: Flail             |    97 |    57 ||   154
       Headbutt          |    14 |     7 ||    21
  Use: Scroll            |     2 |     7 ||     9
  Eat: Chunk             |     1 |     2 ||     3
Armor: Scale mail        |    33 |    14 ||    47
Dodge: Dodged            |    32 |    37 ||    69
Block: Shield            |    33 |       ||    33
       Buckler           |    12 |    30 ||    42
